 Dungeon Crawl Stone Soup version 0.23.2-1-ga50397a6bc (webtiles) character file.

Game seed: 7387505116008891923

869 Mrkan the Grave Robber (level 8, -3/57 HPs)
             Began as a Gnoll Necromancer on May 15, 2019.
             Shot with an arrow by a centaur (12 damage)
             ... on level 6 of the Dungeon.
             The game lasted 00:15:41 (5197 turns).

Mrkan the Grave Robber (Gnoll Necromancer)          Turns: 5197, Time: 00:15:41

Health: -3/57      AC:  3    Str: 10    XL:     8   Next: 3%
Magic:  13/16      EV: 15    Int: 19    God:
Gold:   214        SH:  5    Dex: 17    Spells: 16/18 levels left

rFire    . . .     SeeInvis .   B - +2 trident (vamp)
rCold    . . .     Gourm    .   p - +0 buckler
rNeg     . . .     Faith    .   a - +0 robe
rPois    .         Spirit   .   h - +0 helmet
rElec    .         Reflect  .   (no cloak)
rCorr    .         Harm     .   (no gloves)
MR       .....                  (no boots)
Stlth    +++.......             (no amulet)
HPRegen  0.19/turn              (no ring)
MPRegen  0.15/turn              (no ring)

@: no status effects
A: distributed training, fangs 1, strong nose
a: no special abilities


You were on level 6 of the Dungeon.
You were not hungry.

You visited 1 branch of the dungeon, and saw 6 of its levels.

You collected 214 gold pieces.

Inventory:

Hand Weapons
 A - a +0 giant spiked club
 B - a +2 vampiric trident (weapon)
Armour
 a - a +0 robe (worn)
 h - a +0 helmet (worn)
 p - a +0 buckler (worn)
 G - a +0 pair of boots
 I - a scarf of repulsion
Jewellery
 f - an uncursed ring of protection from fire {unknown}
 g - a +4 ring of protection {unknown}
 D - an uncursed ring of magical power {unknown}
Wands
 x - a wand of flame (25)
Scrolls
 b - 6 scrolls of teleportation {unknown}
 d - 4 scrolls of enchant armour {unknown}
 e - 3 scrolls of remove curse {unknown}
 k - 2 scrolls of enchant weapon {unknown}
 q - 2 scrolls of fear {unknown}
 r - 6 scrolls of identify {unknown}
 t - a scroll of fog {unknown}
 v - 2 scrolls of amnesia {unknown}
 y - 2 scrolls of blinking {unknown}
 E - a scroll of magic mapping {unknown}
 F - a scroll of immolation {unknown}
 J - a scroll of brand weapon {unknown}
Potions
 i - a potion of agility {unknown}
 j - 2 potions of mutation {unknown}
 l - a potion of heal wounds {unknown}
 m - 2 potions of flight {unknown}
 n - 2 potions of berserk rage {unknown}
 o - 2 potions of curing {unknown}
 s - a potion of resistance {unknown}
 u - a potion of haste {unknown}
 w - a potion of ambrosia {unknown}
 C - a potion of cancellation {unknown}
 H - a potion of might {unknown}
Comestibles
 c - 7 rations


   Skills:
 + Level 2.8 Fighting
 + Level 2.8 Short Blades
 + Level 2.8 Long Blades
 + Level 2.8 Axes
 + Level 2.8 Maces & Flails
 + Level 2.8 Polearms
 + Level 2.8 Staves
 + Level 2.8 Slings
 + Level 2.8 Bows
 + Level 2.8 Crossbows
 + Level 2.8 Throwing
 + Level 2.8 Armour
 + Level 5.4 Dodging
 + Level 5.1 Stealth
 + Level 2.8 Shields
 + Level 2.8 Unarmed Combat
 + Level 5.8 Spellcasting
 + Level 2.3 Conjurations
 + Level 2.3 Hexes
 + Level 2.3 Charms
 + Level 2.3 Summonings
 + Level 7.5 Necromancy
 + Level 2.3 Translocations
 + Level 2.3 Transmutations
 + Level 2.3 Fire Magic
 + Level 2.3 Ice Magic
 + Level 2.3 Air Magic
 + Level 2.3 Earth Magic
 + Level 2.3 Poison Magic
 + Level 3.1 Invocations
 + Level 2.8 Evocations


You had 16 spell levels left.
You knew the following spells:

 Your Spells              Type           Power        Failure   Level  Hunger
a - Pain                  Necr           ####         1%          1    None
b - Animate Skeleton      Necr           N/A          1%          1    None

Your spell library contained the following spells:

 Spells                   Type           Power        Failure   Level  Hunger
 Vampiric Draining        Necr           ####......   1%          3    ##.....
 Regeneration             Chrm/Necr      ###.......   5%          3    ##.....
 Animate Dead             Necr           N/A          6%          4    ####...


Dungeon Overview and Level Annotations

Branches:
Dungeon (6/15)
 Temple: D:4-7

Altars:
Cheibriados
Makhleb
Okawaru
Qazlal
Vehumet
Wu Jian
The Shining One


Innate Abilities, Weirdness & Mutations

Your experience applies equally to all skills.
You have very sharp teeth.
Your uncanny sense of smell can sniff out nearby items.


Message History

Aim: a centaur, wielding a +0 shortbow (moderately wounded, chance to defeat MR: 84%)
The centaur writhes in agony.
The centaur shoots an arrow.
You block the arrow.
The centaur shoots an arrow.
The arrow hits you!
Casting: Pain (safe; 1% risk of failure)
Confirm with . or Enter, or press ? or * to list all spells.
You can't see any susceptible monsters within range! (Use Z to cast anyway.)
The centaur shoots an arrow.
The arrow barely misses your quokka skeleton.
The arrow hits you!
* * * LOW HITPOINT WARNING * * *
Your quokka skeleton closely misses the centaur.
The centaur shoots an arrow.
The arrow hits your quokka skeleton!
Your quokka skeleton is destroyed!
Casting: Pain (safe; 1% risk of failure)
Confirm with . or Enter, or press ? or * to list all spells.
Aiming: Pain (safe; 1% risk of failure)
Press: ? - help, Shift-Dir - straight line, f/p - centaur
Aim: a centaur, wielding a +0 shortbow (moderately wounded, chance to defeat MR: 84%)
The centaur writhes in agony.
The centaur shoots an arrow.
The arrow hits you!
You die...

#.......†..........
##......############
.........#######
.[.>............
∆.<..#.#.........
... #.#..####### ##
#....# #####.##
#@....# ##(#### #c.#
#...# ##..# ... #PP#
P.#


You could see a centaur.

Vanquished Creatures
  A sky beast (D:5)
  A centaur (D:6)
  An ogre (D:4)
  A bullfrog (D:6)
  A scorpion (D:6)
  A centaur zombie (D:6)
  A hound (D:5)
  A jelly (D:6)
  A bullfrog skeleton (D:6)
  An iguana (D:4)
  An orc wizard (D:4)
  2 worker ants (D:5)
  A hound skeleton (D:6)
  3 gnolls (D:5)
  4 adders
  An ooze (D:2)
  3 worms
  2 dart slugs
  10 leopard geckos
  12 orcs
  6 giant cockroaches
  8 hobgoblins
  2 jackals (D:1)
  A quokka (D:6)
  A ball python (D:3)
  6 bats
  11 frilled lizards
  4 goblins
  3 kobolds
  5 rats
96 creatures vanquished.

Vanquished Creatures (collateral kills)
  An ice beast (D:5)
  A worker ant (D:4)
  An ooze (D:3)
  An orc (D:3)
  A jackal (D:1)
5 creatures vanquished.

Grand Total: 101 creatures vanquished

Notes
Turn   | Place    | Note
-------+----------+-------------------------------------------
     0 | D:1      | Mrkan the Gnoll Necromancer began the quest for the Orb.
     0 | D:1      | Reached XP level 1. HP: 13/13 MP: 6/6
     2 | D:1      | Learned a level 1 spell: Animate Skeleton
   293 | D:1      | Reached XP level 2. HP: 17/19 MP: 3/7
   950 | D:2      | Reached XP level 3. HP: 25/25 MP: 7/9
   961 | D:2      | Found a glowing golden altar of the Shining One.
  1006 | D:2      | Reached skill level 5 in Spellcasting
  1181 | D:2      | Reached skill level 1 in Invocations
  1646 | D:2      | Reached skill level 1 in Fighting
  1646 | D:2      | Reached skill level 1 in Short Blades
  1646 | D:2      | Reached skill level 1 in Long Blades
  1646 | D:2      | Reached skill level 1 in Axes
  1646 | D:2      | Reached skill level 1 in Maces & Flails
  1646 | D:2      | Reached skill level 1 in Polearms
  1646 | D:2      | Reached skill level 1 in Staves
  1646 | D:2      | Reached skill level 1 in Slings
  1646 | D:2      | Reached skill level 1 in Bows
  1646 | D:2      | Reached skill level 1 in Crossbows
  1646 | D:2      | Reached skill level 1 in Throwing
  1646 | D:2      | Reached skill level 1 in Armour
  1646 | D:2      | Reached skill level 1 in Shields
  1646 | D:2      | Reached skill level 1 in Unarmed Combat
  1646 | D:2      | Reached skill level 1 in Evocations
  1815 | D:2      | Reached XP level 4. HP: 22/32 MP: 3/11
  2343 | D:3      | Reached skill level 1 in Conjurations
  2343 | D:3      | Reached skill level 1 in Hexes
  2343 | D:3      | Reached skill level 1 in Charms
  2343 | D:3      | Reached skill level 1 in Summonings
  2343 | D:3      | Reached skill level 1 in Translocations
  2343 | D:3      | Reached skill level 1 in Transmutations
  2343 | D:3      | Reached skill level 1 in Fire Magic
  2343 | D:3      | Reached skill level 1 in Ice Magic
  2343 | D:3      | Reached skill level 1 in Air Magic
  2343 | D:3      | Reached skill level 1 in Earth Magic
  2343 | D:3      | Reached skill level 1 in Poison Magic
  2694 | D:4      | Reached XP level 5. HP: 34/37 MP: 7/12
  2734 | D:4      | Noticed a phantom
  3215 | D:4      | Noticed an ogre
  3228 | D:4      | Killed an ogre
  3228 | D:4      | Reached XP level 6. HP: 30/44 MP: 7/13
  3521 | D:4      | Found a burning altar of Makhleb.
  3677 | D:4      | Found an ornate altar of the Wu Jian Council.
  3722 | D:5      | Entered Level 5 of the Dungeon
  3783 | D:5      | Reached skill level 5 in Dodging
  3960 | D:5      | Found a radiant altar of Vehumet.
  3978 | D:5      | Noticed an ice beast
  3993 | D:5      | Killed an ice beast
  4188 | D:5      | Reached XP level 7. HP: 22/50 MP: 6/15
  4390 | D:5      | Found a snail-covered altar of Cheibriados.
  4406 | D:5      | Found an iron altar of Okawaru.
  4501 | D:5      | Found a stormy altar of Qazlal.
  4658 | D:6      | Reached skill level 5 in Stealth
  5047 | D:6      | Reached XP level 8. HP: 34/57 MP: 11/16
  5197 | D:6      | Shot with an arrow by a centaur

Skill      XL: |  1  2  3  4  5  6  7 |
---------------+----------------------+-----
Spellcasting   | 5 |  5.8
Invocations    | 1 2 3 |  3.1
Fighting       | 1 2 |  2.8
Short Blades   | 1 2 |  2.8
Long Blades    | 1 2 |  2.8
Axes           | 1 2 |  2.8
Maces & Flails | 1 2 |  2.8
Polearms       | 1 2 |  2.8
Staves         | 1 2 |  2.8
Slings         | 1 2 |  2.8
Bows           | 1 2 |  2.8
Crossbows      | 1 2 |  2.8
Throwing       | 1 2 |  2.8
Armour         | 1 2 |  2.8
Shields        | 1 2 |  2.8
Unarmed Combat | 1 2 |  2.8
Evocations     | 1 2 |  2.8
Conjurations   | 1 2 |  2.3
Hexes          | 1 2 |  2.3
Charms         | 1 2 |  2.3
Summonings     | 1 2 |  2.3
Translocations | 1 2 |  2.3
Transmutations | 1 2 |  2.3
Fire Magic     | 1 2 |  2.3
Ice Magic      | 1 2 |  2.3
Air Magic      | 1 2 |  2.3
Earth Magic    | 1 2 |  2.3
Poison Magic   | 1 2 |  2.3
Dodging        | 5 |  5.4
Stealth        | 5 |  5.1
Necromancy     | |  7.5

Action                   |  1- 3 |  4- 6 |  7- 9 || total
-------------------------+-------+-------+-------++-------
Melee: Unarmed           |       |    17 |       ||    17
       Bite              |       |     1 |     5 ||     6
       Trident           |       |       |    29 ||    29
 Cast: Pain              |    73 |   105 |    31 ||   209
       Animate Skeleton  |     7 |    14 |     3 ||    24
  Eat: Chunk             |     2 |     7 |     2 ||    11
       Ration            |       |     2 |       ||     2
Armor: Robe              |     1 |     7 |     2 ||    10
Dodge: Dodged            |     4 |    25 |    38 ||    67
Block: Buckler           |       |    11 |    14 ||    25
